 Dungeon Crawl Stone Soup version 0.18-a0-1523-gbe15c29 (webtiles) character file.

219 GrosslyIncandescent the Insei (level 5, -4/41 HPs)
             Began as a Mummy Monk on Mar 7, 2016.
             Slain by an iguana (11 damage)
             ... on level 4 of the Dungeon.
             The game lasted 00:04:23 (4064 turns).

GrosslyIncandescent the Insei (Mummy Monk)          Turns: 4064, Time: 00:04:23

Health: -4/41      AC:  5    Str: 15    XL:     5   Next: 64%
Magic:  5/5        EV: 13    Int:  9    God:
Gold:   156        SH:  0    Dex: 15    Spells: 0 memorised, 4 levels left

rFire  x . .     SeeInvis .       - Unarmed
rCold  + . .     Gourm    .     (no armour)
rNeg   + + +     Faith    .     (no shield)
rPois  ∞         Spirit   .     (no helmet)
rElec  .         Dismiss  .     o - +0 cloak
rCorr  .         Reflect  .     (no gloves)
SustAt .         Harm     .     (no boots)
MR     .....                    (no amulet)
Stlth  +.........               d - ring of loudness (curse)
                                c - +4 ring of protection

@: not resistant to hostile enchantments, very unstealthy
A: no food or potions, fire vulnerability, cold resistance 1, negative energy
resistance 3, torment resistance, unbreathing
a: no special abilities


You were on level 4 of the Dungeon.
You were not hungry.

You visited 1 branch of the dungeon, and saw 4 of its levels.

You collected 156 gold pieces.


Innate Abilities, Weirdness & Mutations

You do not eat or drink.
Your flesh is vulnerable to fire.
You are immune to poison.
Your flesh is cold resistant.
You are immune to negative energy.
You are immune to unholy pain and torment.
You can survive without breathing.


   Skills:
 + Level 3.6 Fighting
 - Level 2.4 Dodging
 - Level 1.5 Stealth
 - Level 5.5 Unarmed Combat


You had 4 spell levels left.
You didn't know any spells.

Inventory:

Armour
 f - a +0 buckler
 o - a +0 cloak (worn)
Jewellery
 c - a +4 ring of protection (left hand)
 d - a cursed ring of loudness (right hand)
 j - an uncursed ring of wizardry {unknown}
 q - a +2 ring of dexterity {unknown}
Scrolls
 a - 2 scrolls of enchant armour {unknown}
 b - a scroll of recharging {unknown}
 e - a scroll of enchant weapon {unknown}
 g - a scroll of amnesia {unknown}
 h - a scroll of fear {unknown}
 i - 2 scrolls of remove curse {unknown}
 k - a scroll of magic mapping {unknown}
 l - 3 scrolls of identify {unknown}
 m - a scroll of teleportation {unknown}
 n - a scroll of blinking {unknown}
 p - a scroll of immolation {unknown}

Dungeon Overview and Level Annotations

Branches:
Dungeon (4/15)
 Temple: D:4-7

Altars:
Ashenzari
Kikubaaqudgha
Okawaru
Vehumet

...
................▒
.........▒.▒▒▒▒▒▒ .
▒▒▒▒▒▒▒..▒.▒
...▒▒▒▒▒▒▒▒▒▒..▒.▒
...............▒.▒
▒▒▒▒.▒.▒▒▒▒▒...▒.▒
▒.▒.▒ ▒...▒.▒
▒.▒.▒▒▒ ▒.†.▒l▒
▒.....▒ ▒...▒M▒
▒.....▒ ▒...▒'▒
▒▒▒▒.....▒▒▒......
..................▒
...................
.▒▒▒.▒▒▒.▒▒▒▒....▒▒▒
.▒ ▒... .........▒
.▒ ▒▒▒▒▒...▒▒.....
.▒▒▒▒▒▒▒...▒▒


You could see an iguana.


Message History

You pummel the iguana like a punching bag!
The iguana is moderately wounded!
The iguana bites you!
You barely miss the iguana!
The iguana is moderately wounded!
The iguana bites you!!! * * * don't die
* * * You beat the iguana into a bloody pulp!
The iguana is moderately wounded!
The iguana barely misses you!
You pulverise the iguana!
The iguana is heavily wounded!
The iguana barely misses you!
You barely miss the iguana! You punch the iguana!
The iguana is heavily wounded!
The iguana bites you! * * * don't die
* * * You barely miss the iguana!
The iguana is heavily wounded!
The iguana bites you! * * * don't die
* * * You pulverise the iguana!
The iguana is almost dead!
The iguana bites you!!! * * * don't die
* * * You barely miss the iguana!
The iguana is almost dead!
The iguana closely misses you!
You open the door! The iguana bites you!!! rip

Action                   |  1- 3 |  4- 6 || total
-------------------------+-------+-------++-------
Melee: Unarmed           |   167 |   107 ||   274
 Stab: Sleeping          |     1 |       ||     1

Vault maps used:
D:1:      co_arrival_two_rings, evilmike_ruin_ashenzari
D:2:      serial_co_window_serial, co_window_corner_a,
          co_window_of_opportunity_a, co_window_corner_a, co_window_paths_a,
          co_window_paths_a, co_window_corner_b, co_window_corner_b,
          co_window_cross_4, co_window_of_opportunity_c, co_window_corner_b,
          co_window_of_opportunity_c, co_window_sun, glass_columns_c,
          glass_columns_a, glass_columns_b
D:3:      minmay_door_path, grunt_temple_overflow_diamond
D:4:      first_bread

Notes
Turn   | Place    | Note
--------------------------------------------------------------
     0 | D:1      | GrosslyIncandescent the Mummy Monk began the quest for the Orb.
     0 | D:1      | Reached XP level 1. HP: 18/18 MP: 1/1
   282 | D:2      | Reached XP level 2. HP: 10/24 MP: 2/2
   677 | D:1      | Reached skill level 4 in Unarmed Combat
   745 | D:1      | Reached XP level 3. HP: 24/29 MP: 3/3
   787 | D:1      | Found a shattered altar of Ashenzari.
  2624 | D:3      | Reached XP level 4. HP: 35/35 MP: 4/4
  3234 | D:3      | Found a radiant altar of Vehumet.
  3237 | D:3      | Found an ancient bone altar of Kikubaaqudgha.
  3240 | D:3      | Found an iron altar of Okawaru.
  3479 | D:4      | Noticed a necrophage
  3492 | D:4      | Killed a necrophage
  3492 | D:4      | Reached skill level 5 in Unarmed Combat
  3492 | D:4      | Reached XP level 5. HP: 32/41 MP: 5/5
  3683 | D:4      | Noticed an ogre
  4039 | D:4      | HP: 4/41 [iguana (11)]
  4064 | D:4      | Slain by an iguana

Vanquished Creatures
  A necrophage (D:4)
  A crimson imp (D:4)
  2 adders
  An ooze (D:1)
  3 worms
  A dart slug (D:1)
  6 giant geckos
  2 orcs (D:3)
  2 giant cockroaches
  7 goblins
  7 hobgoblins
  3 jackals (D:2)
  2 ball pythons
  9 bats
  4 giant newts (D:1)
  6 kobolds
  11 rats
68 creatures vanquished.
